 Dungeon Crawl Stone Soup version 0.31-a0-851-g7ff8af7976 (webtiles) character file.

Game seed: 4540806268231023135

406 randomguy2701 the Nimble (level 6, -7/51 HPs)
             Began as a Gnoll Wanderer on Oct 6, 2023.
             Was an Initiate of Gozag.
             Mangled by a sleepcap (13 damage)
             ... on level 4 of the Dungeon.
             The game lasted 00:05:30 (3904 turns).

randomguy2701 the Nimble (Gnoll Wanderer)           Turns: 3904, Time: 00:05:30

Health: -7/51      AC:  7    Str:  9    XL:     6   Next: 87%
Magic:  9/9        EV:  2    Int: 17    God:    Gozag
Gold:   393        SH:  0    Dex: 16    Spells: 9/9 levels left

rFire   + . .        s - +2 dagger (speed)
rCold   . . .        (no shield)
rNeg    . . .        f - +0 leather armour
rPois   .            (no helmet)
rElec   .            q - +0 cloak
rCorr   .            n - +1 pair of gloves
SInv    .            (no boots)
Will    .....        (no amulet)
Stlth   ++           l - ring of protection from fire
HPRegen 0.28/turn    y - +6 ring of intelligence
MPRegen 0.11/turn

%: no passive effects
@: sleeping
A: fangs 1, strong nose, distributed training
a: Renounce Religion, Potion Petition, Call Merchant, Bribe Branch


You were on level 4 of the Dungeon.
You worshipped Gozag.
Gozag was aware of your devotion.
You visited 1 branch of the dungeon, and saw 5 of its levels.

You collected 433 gold pieces.
You paid 40 gold pieces to Gozag.

Inventory:

Hand Weapons
 a - a +0 dagger
 s - a +2 dagger of speed (weapon)
Missiles
 b - 5 throwing nets (quivered)
Armour
 f - a +0 leather armour (worn)
 n - a +1 pair of gloves (worn)
 q - a +0 cloak (worn)
Jewellery
 l - a ring of protection from fire (left hand)
 y - a +6 ring of intelligence (right hand)
 C - an amulet of regeneration
Wands
 t - a wand of polymorph (9)
Scrolls
 c - a scroll of vulnerability
 d - a scroll of fog
 e - 4 scrolls of silence
 g - a scroll of butterflies {unknown}
 j - 2 scrolls of fear {unknown}
 m - 3 scrolls of identify {unknown}
 p - a scroll of enchant armour {unknown}
 r - 3 scrolls of noise {unknown}
 u - a scroll of amnesia {unknown}
 x - a scroll of teleportation {unknown}
Potions
 h - 2 potions of ambrosia {unknown}
 i - 4 potions of curing {unknown}
 k - 2 potions of degeneration {unknown}
 o - a potion of cancellation {unknown}
 v - a potion of magic {unknown}
 w - a potion of mutation {unknown}
 z - a potion of haste {unknown}
 A - a potion of invisibility {unknown}
 B - a potion of brilliance {unknown}


   Skills:
 + Level 5.1 Fighting
 + Level 2.2 Short Blades
 + Level 2.2 Long Blades
 + Level 2.2 Axes
 + Level 2.2 Maces & Flails
 + Level 2.2 Polearms
 + Level 2.2 Staves
 + Level 2.2 Ranged Weapons
 + Level 2.2 Throwing
 + Level 5.1 Armour
 + Level 10.6 Dodging
 + Level 2.2 Stealth
 + Level 2.2 Shields
 + Level 3.4 Unarmed Combat
 + Level 2.2 Spellcasting
 + Level 1.7 Conjurations
 + Level 1.7 Hexes
 + Level 1.7 Summonings
 + Level 1.7 Necromancy
 + Level 1.7 Translocations
 + Level 1.7 Transmutations
 + Level 1.7 Fire Magic
 + Level 1.7 Ice Magic
 + Level 1.7 Air Magic
 + Level 1.7 Earth Magic
 + Level 1.7 Poison Magic
 + Level 2.4 Invocations
 + Level 2.2 Evocations
 + Level 2.0 Shapeshifting


You had 9 spell levels left.
You didn't know any spells.
Your spell library contained the following spells:

 Spells                   Type           Power      Damage    Failure   Level
 Apportation              Tloc           14%        N/A       12%         1
 Magic Dart               Conj           28%        1d4       12%         1
 Blink                    Tloc           14%        N/A       19%         2
 Call Imp                 Summ           14%        N/A       19%         2
 Lesser Beckoning         Tloc           14%        N/A       19%         2
 Momentum Strike          Conj/Tloc      14%        3d8       19%         2
 Mephitic Cloud           Conj/Pois/Air  7%         N/A       36%         3
 Animate Armour           Summ/Erth      14%        N/A       77%         4
 Summon Mana Viper        Hex/Summ       7%         N/A       98%         5
 Dragon's Call            Summ           3%         N/A       100%        9


Dungeon Overview and Level Annotations

Branches:
Dungeon (5/15)
 Temple: D:4-7

Altars:
Gozag
Makhleb


Innate Abilities, Weirdness & Mutations

You have very sharp teeth.
Your uncanny sense of smell can sniff out nearby items.
Your experience applies equally to all skills.


Message History

The sleepcap attacks as it pursues you! The sleepcap barely misses you.
The sleepcap attacks as it pursues you! The sleepcap releases spores at you.
You are engulfed in a cloud of soporific spores!
You fall asleep.
The sleepcap releases spores at you!
You wake up.
You are engulfed in a cloud of soporific spores!
You are unaffected.
Unknown command.
The sleepcap attacks as it pursues you! The sleepcap barely misses you.
The gnoll attacks as it pursues you! The gnoll barely misses you.
The sleepcap attacks as it pursues you! The sleepcap misses you.
The sleepcap attacks as it pursues you! The sleepcap releases spores at you.
You are engulfed in a cloud of soporific spores!
You fall asleep.
The sleepcap releases spores at you but does no damage.
The gnoll hits you from afar with a +0 spear!
You wake up.
* * * LOW HITPOINT WARNING * * *
The sleepcap attacks as it pursues you! The sleepcap closely misses you.
The gnoll attacks as it pursues you! The gnoll closely misses you.
The gnoll hits you from afar with a +0 spear.
* * * LOW HITPOINT WARNING * * *
There is a stone staircase leading up, spattered with blood here.
The sleepcap misses you. The gnoll barely misses you.
You climb upwards.
There is a stone staircase leading down here.
You hit the sleepcap but do no damage.
You bite the sleepcap, but do no damage.
The sleepcap is moderately damaged.
You hit the sleepcap but do no damage.
You bite the sleepcap, but do no damage.
The sleepcap is moderately damaged.
The sleepcap releases spores at you.
* * * LOW HITPOINT WARNING * * *
You are engulfed in a cloud of soporific spores!
You fall asleep.
The sleepcap releases spores at you but does no damage.
The sleepcap releases spores at you!
You die...
Your body crumbles into a pile of gold.

#..## ##....##..##
##..###........##
#.............#
##............##
###........<.....#
##................#
#.................#
##....####........#
###..# ##.....@.#
#..# #.....f.##
#..# ##........#
#..# #..####...#
##..# ##.## ###.#
##..## #..# ###
##..## #.## #..##
#.# #### ..## #.#
#..##


You could see a sleepcap.

Vanquished Creatures
  An ice beast (D:5)
  An ogre (D:4)
  A scorpion (D:4)
  A hound (D:5)
  A jelly (D:5)
  2 adders
  3 worms
  A dart slug (D:1)
  4 endoplasms (D:1)
  6 giant cockroaches
  8 goblins
  10 hobgoblins
  7 jackals
  2 quokkas (D:2)
  11 ball pythons
  7 bats
  3 frilled lizards
  5 kobolds
  11 rats
85 creatures vanquished.

Notes
Turn   | Place    | Note
-------+----------+-------------------------------------------
     0 | D:1      | Reached skill level 10 in Dodging
     0 | D:1      | randomguy2701 the Gnoll Wanderer began the quest for the
                  | Orb.
     0 | D:1      | randomguy2701 set off with the following items: a +0
                  | dagger, 4 throwing nets, a scroll of vulnerability, a
                  | scroll of fog, a scroll of silence, a +0 leather armour.
     0 | D:1      | Reached XP level 1. HP: 20/20 MP: 1/1
   124 | D:1      | Reached XP level 2. HP: 13/26 MP: 2/2
   132 | D:1      | HP: 1/26 [constriction (1)]
   275 | D:1      | HP: 1/26 [frozen (2)]
   654 | D:1      | Reached XP level 3. HP: 31/31 MP: 3/3
  1029 | D:1      | Reached skill level 1 in Invocations
  1520 | D:2      | Reached skill level 1 in Short Blades
  1520 | D:2      | Reached skill level 1 in Long Blades
  1520 | D:2      | Reached skill level 1 in Axes
  1520 | D:2      | Reached skill level 1 in Maces & Flails
  1520 | D:2      | Reached skill level 1 in Polearms
  1520 | D:2      | Reached skill level 1 in Staves
  1520 | D:2      | Reached skill level 1 in Ranged Weapons
  1520 | D:2      | Reached skill level 1 in Throwing
  1520 | D:2      | Reached skill level 1 in Stealth
  1520 | D:2      | Reached skill level 1 in Shields
  1520 | D:2      | Reached skill level 1 in Spellcasting
  1520 | D:2      | Reached skill level 1 in Evocations
  1688 | D:2      | Reached XP level 4. HP: 38/38 MP: 5/5
  1825 | D:2      | Reached skill level 1 in Shapeshifting
  2190 | D:3      | Found an opulent altar of Gozag.
  2263 | D:3      | Became a worshipper of Gozag Ym Sagoz the Greedy
  2367 | D:3      | Reached skill level 1 in Conjurations
  2367 | D:3      | Reached skill level 1 in Hexes
  2367 | D:3      | Reached skill level 1 in Summonings
  2367 | D:3      | Reached skill level 1 in Necromancy
  2367 | D:3      | Reached skill level 1 in Translocations
  2367 | D:3      | Reached skill level 1 in Transmutations
  2367 | D:3      | Reached skill level 1 in Fire Magic
  2367 | D:3      | Reached skill level 1 in Ice Magic
  2367 | D:3      | Reached skill level 1 in Air Magic
  2367 | D:3      | Reached skill level 1 in Earth Magic
  2367 | D:3      | Reached skill level 1 in Poison Magic
  2472 | D:3      | Got a faded book
  2476 | D:3      | Found a burning altar of Makhleb.
  3103 | D:4      | Noticed a scorpion
  3122 | D:4      | Killed a scorpion
  3123 | D:4      | Reached XP level 5. HP: 32/43 MP: 5/7
  3300 | D:4      | Noticed an ogre
  3318 | D:4      | Killed an ogre
  3319 | D:4      | Reached XP level 6. HP: 19/50 MP: 8/8
  3706 | D:5      | Entered Level 5 of the Dungeon
  3708 | D:5      | Reached skill level 5 in Fighting
  3708 | D:5      | Reached skill level 5 in Armour
  3771 | D:5      | Noticed an ice beast
  3808 | D:5      | Killed an ice beast
  3904 | D:4      | Mangled by a sleepcap

Illustrated notes

Levels and vault maps discovered:
D:1:      scummos_arrival_checkerplants, layout_loops_cross, serial_forest,
          infiniplex_forest_lined_room_2, infiniplex_forest_end_1,
          infiniplex_forest_end_2, infiniplex_forest_lined_corner,
          infiniplex_forest_straight_4, infiniplex_forest_end_double,
          infiniplex_forest_straight_2, minmay_3d_cube
D:2:      layout_basic
D:3:      layout_basic, mainiacjoe_overflow_catwalk, nicolae_gozag_seed_capital
D:4:      layout_layer_cave
D:5:      layout_rooms

Skill      XL: |  1  2  3  4  5  6 |
---------------+-------------------+-----
Dodging        | | 10.6
Invocations    | 1 2 |  2.4
Short Blades   | 1 2 |  2.2
Long Blades    | 1 2 |  2.2
Axes           | 1 2 |  2.2
Maces & Flails | 1 2 |  2.2
Polearms       | 1 2 |  2.2
Staves         | 1 2 |  2.2
Ranged Weapons | 1 2 |  2.2
Throwing       | 1 2 |  2.2
Stealth        | 1 2 |  2.2
Shields        | 1 2 |  2.2
Spellcasting   | 1 2 |  2.2
Evocations     | 1 2 |  2.2
Shapeshifting  | 1 2 |  2.0
Conjurations   | 1 |  1.7
Hexes          | 1 |  1.7
Summonings     | 1 |  1.7
Necromancy     | 1 |  1.7
Translocations | 1 |  1.7
Transmutations | 1 |  1.7
Fire Magic     | 1 |  1.7
Ice Magic      | 1 |  1.7
Air Magic      | 1 |  1.7
Earth Magic    | 1 |  1.7
Poison Magic   | 1 |  1.7
Unarmed Combat | 3 |  3.4
Fighting       | 5 |  5.1
Armour         | 5 |  5.1

Action                     |  1- 3 |  4- 6 || total
---------------------------+-------+-------++-------
  Melee: Dagger            |   275 |   247 ||   522
         Bite              |    37 |    30 ||    67
         Punch             |     8 |     5 ||    13
   Stab: Sleeping          |     3 |     4 ||     7
 Armour: Leather armour    |   120 |    80 ||   200
  Dodge: Dodged            |   299 |   161 ||   460

Table legend: (Time is in decaauts)
 A = Elapsed time spent in this place.
 B = Non-inter-level travel time spent in this place.
 C = Inter-level travel time spent in this place.
 D = Time resting spent in this place.
 E = Time spent auto-exploring this place.
 F = Levels seen in this place.
 G = Mean time per level.
                   A        B        C        D        E       F      G
               +--------+--------+--------+--------+--------+-----+--------+
         Total |   3828 |   3651 |    177 |      0 |   2806 |   5 |  765.6 |
       Dungeon |   3828 |   3651 |    177 |      0 |   2806 |   5 |  765.6 |
               +--------+--------+--------+--------+--------+-----+--------+

Top non-repeatable levels by time:
     D:1: 1362 daAuts
     D:4: 901 daAuts
     D:3: 739 daAuts
     D:2: 651 daAuts
     D:5: 174 daAuts
